[Event "Titled Tuesday Blitz November 22 Early 2022"]
[White "Donchenko, Alexander"]
[Black "Al-Tarboush, Ward"]
[WhiteFideId "24603295"]
[BlackFideId "7601450"]
[WhiteElo "2572"]
[BlackElo "2273"]
[Result "0-1"]
[Round "02"]
[TimeControl "180+1"]
[Date "2022.11.23"]
[WhiteClock "0:00:05"]
[BlackClock "0:01:04"]

1. e4 c5 2. Nf3 Nc6 3. Bb5 e6 4. O-O Nge7 5. Re1 Nd4 6. Bf1 Nxf3+ 7. Qxf3 Nc6 8. c3 Be7 9. d3 O-O 10. Bf4 f5 11. exf5 Rxf5 12. Qe3 Qf8 13. Bg3 d6 14. Nd2 e5 15. a3 Be6 16. b4 h5 17. h3 cxb4 18. axb4 d5 19. b5 h4 20. Bh2 Bc5 21. d4 Nxd4 22. cxd4 Bxd4 23. Qxd4 exd4 24. Rxe6 Rxf2 25. Nf3 Rb2 26. Bd6 Qf5 27. Rae1 Rc8 28. R6e5 Qg6 29. Nxh4 Qxd6 30. Nf5 Qc5 31. Ne7+ Kf7 32. Rf5+ Ke8 33. Nxc8+ Kd8 34. Bd3 Kxc8 35. Rf7 Kd8 36. Bf5 d3+ 37. Kh1 Re2 38. Rd1 d2 0-1


[Site "https://www.chess.com"]

[Event "Titled Tuesday Blitz November 22 Early 2022"]
[White "Donskov, Anatoly"]
[Black "Kriti Mayur Patel"]
[WhiteFideId "24143413"]
[BlackFideId "35061780"]
[WhiteElo "2219"]
[BlackElo "1306"]
[Result "1-0"]
[Round "02"]
[TimeControl "180+1"]
[Date "2022.11.23"]
[WhiteClock "0:01:16"]
[BlackClock "0:00:14"]

1. e4 e5 2. Nf3 Nc6 3. Bb5 a6 4. Ba4 Nf6 5. Qe2 b5 6. Bb3 Bc5 7. a4 Rb8 8. O-O O-O 9. c3 d6 10. Rd1 Bg4 11. h3 Bh5 12. d3 h6 13. axb5 axb5 14. Nbd2 Qd7 15. Nf1 Ne7 16. d4 exd4 17. cxd4 Bb6 18. Ng3 Bg6 19. Nh4 Rfe8 20. Qf3 Bh7 21. Bxh6 Ng6 22. Nhf5 gxh6 23. Nxh6+ Kg7 24. Ngf5+ Kf8 25. Bxf7 Rxe4 26. Ng3 Rf4 27. Qe3 Rh4 28. Ngf5 Re4 29. Qg5 Rf4 30. Qxf6 Qd8 31. Qg7# 1-0


[Site "https://www.chess.com"]

[Event "Titled Tuesday Blitz November 22 Early 2022"]
[White "Dudzinski, Pawel"]
[Black "Savic, Miroslav"]
[WhiteFideId "1117890"]
[BlackFideId "14508494"]
[WhiteElo "2086"]
[BlackElo "2209"]
[Result "1/2-1/2"]
[Round "02"]
[TimeControl "180+1"]
[Date "2022.11.23"]
[WhiteClock "0:00:22"]
[BlackClock "0:00:33"]

1. e4 c5 2. Nc3 Nc6 3. g3 g6 4. Bg2 Bg7 5. d3 d6 6. Be3 Nd4 7. Qd2 Nf6 8. h3 e5 9. Nd1 O-O 10. c3 Ne6 11. Ne2 d5 12. exd5 Nxd5 13. Bh6 f5 14. Bxg7 Kxg7 15. Ne3 Nxe3 16. fxe3 Qd6 17. O-O Rd8 18. Rad1 e4 19. d4 cxd4 20. Nxd4 Nxd4 21. Qxd4+ Qxd4 22. Rxd4 Rxd4 23. cxd4 Be6 24. Rc1 Rc8 25. Rxc8 Bxc8 26. h4 Be6 27. a3 Bc4 28. Kf2 h6 29. g4 Kf6 30. gxf5 Kxf5 31. Bh3+ Kf6 32. Bc8 Bd5 33. Kg3 b6 34. Kf4 g5+ 35. hxg5+ hxg5+ 36. Kg4 Bc4 37. Bb7 Be2+ 38. Kg3 Bf3 39. Bc8 Be2 40. Bb7 Bf3 41. Ba6 Kg6 42. Bf1 Kf5 43. Bh3+ Kf6 44. Bg4 Bxg4 45. Kxg4 Kg6 46. d5 Kf6 47. d6 Ke6 48. Kxg5 Kxd6 49. Kf5 Kd5 50. b3 a6 51. a4 b5 52. a5 Kc5 53. Kxe4 Kb4 54. Kd3 Kxa5 55. e4 Kb6 56. e5 a5 57. Kd4 Kc6 58. e6 Kd6 59. e7 Kxe7 60. Kc5 a4 61. bxa4 bxa4 62. Kb4 Kd6 63. Kxa4 1/2-1/2


[Site "https://www.chess.com"]

[Event "Titled Tuesday Blitz November 22 Early 2022"]
[White "Durarbayli, Vasif"]
[Black "Sellitti, Federico"]
[WhiteFideId "13402935"]
[BlackFideId "821829"]
[WhiteElo "2586"]
[BlackElo "2585"]
[Result "0-1"]
[Round "02"]
[TimeControl "180+1"]
[Date "2022.11.23"]
[WhiteClock "0:00:02"]
[BlackClock "0:00:57"]

1. e4 c5 2. Nf3 Nf6 3. e5 Nd5 4. Nc3 Nxc3 5. dxc3 Nc6 6. Bf4 e6 7. Qd2 Qc7 8. O-O-O b6 9. h4 h6 10. h5 Bb7 11. Bc4 O-O-O 12. Qe2 d5 13. exd6 Bxd6 14. Bxe6+ Kb8 15. Bxd6 Rxd6 16. Bd5 Rhd8 17. Bxc6 Bxc6 18. Rxd6 Qxd6 19. Rd1 Qxd1+ 20. Qxd1 Rxd1+ 21. Kxd1 Bxf3+ 22. gxf3 Kc7 23. Ke2 Kd6 24. f4 Ke6 25. Kf3 Kf5 26. c4 g6 27. hxg6 fxg6 28. c3 h5 29. b4 a5 30. bxc5 bxc5 31. Kg3 Ke4 32. a4 h4+ 33. Kg4 h3 34. f3+ Ke3 35. Kxh3 Kxf3 0-1


[Site "https://www.chess.com"]

[Event "Titled Tuesday Blitz November 22 Early 2022"]
[White "Erdogdu, Mert"]
[Black "Safin, Robert"]
[WhiteFideId "6301495"]
[BlackFideId "34189120"]
[WhiteElo "2413"]
[BlackElo "2253"]
[Result "1-0"]
[Round "02"]
[TimeControl "180+1"]
[Date "2022.11.23"]
[WhiteClock "0:00:55"]
[BlackClock "0:00:05"]

1. e4 e6 2. d4 d5 3. exd5 exd5 4. c4 Nf6 5. Nc3 Bb4 6. Bd3 O-O 7. Ne2 dxc4 8. Bxc4 Nc6 9. O-O Bxc3 10. bxc3 Nd5 11. Bb3 Na5 12. Bc2 g6 13. Bh6 Re8 14. Re1 Nc4 15. Bb3 b5 16. Bxc4 bxc4 17. Qa4 Nb6 18. Qc6 Be6 19. Nf4 Qd7 20. Qf3 Bd5 21. Qg3 Rxe1+ 22. Rxe1 Re8 23. Rxe8+ Qxe8 24. h4 Qd7 25. Nh5 Qd6 26. Qg5 1-0


[Site "https://www.chess.com"]

[Event "Titled Tuesday Blitz November 22 Early 2022"]
[White "Fabris, Alberto"]
[Black "Avazkhonov, Alikhon"]
[WhiteFideId "801348"]
[BlackFideId "14208504"]
[WhiteElo "2132"]
[BlackElo "1739"]
[Result "1-0"]
[Round "02"]
[TimeControl "180+1"]
[Date "2022.11.23"]
[WhiteClock "0:00:28"]
[BlackClock "0:00:04"]

1. d4 Nf6 2. Nf3 e6 3. Bf4 d5 4. e3 Bd6 5. c3 O-O 6. Bd3 c5 7. Nbd2 Nc6 8. O-O b6 9. Ne5 Bb7 10. Qe2 Qc7 11. Ndf3 Ne4 12. h3 f6 13. Nxc6 Bxc6 14. Bxd6 Qxd6 15. Nd2 Nxd2 16. Qxd2 e5 17. Rad1 e4 18. Be2 c4 19. f3 f5 20. f4 b5 21. g4 g6 22. Rf2 a5 23. Rg2 Kh8 24. Kh1 b4 25. Rdg1 Rg8 26. Qe1 bxc3 27. bxc3 Rab8 28. Qh4 Bd7 29. gxf5 Bxf5 30. Bg4 Bxg4 31. Rxg4 Rb2 32. R1g2 Rgb8 33. Qg5 a4 34. h4 a3 35. h5 Rxg2 36. Rxg2 Rb1+ 37. Kh2 Rb2 38. hxg6 Rxg2+ 39. Kxg2 hxg6 40. f5 gxf5 41. Qxf5 Qc6 42. Qe5+ Kg8 43. Qg5+ Kf7 44. Kg3 Qd6+ 45. Kg4 Qe6+ 46. Qf5+ Qf6 47. Qxf6+ Kxf6 48. Kf4 Ke6 49. Kg5 Kd6 50. Kf6 Kd7 51. Ke5 Ke7 52. Kxd5 Kf6 53. Kxe4 Ke6 54. d5+ Kd6 55. Kd4 1-0


[Site "https://www.chess.com"]

[Event "Titled Tuesday Blitz November 22 Early 2022"]
[White "Fernandez Hernandez, Gerardo"]
[Black "Ezat, Mohamed"]
[WhiteFideId "2207400"]
[BlackFideId "10600906"]
[WhiteElo "2252"]
[BlackElo "2386"]
[Result "0-1"]
[Round "02"]
[TimeControl "180+1"]
[Date "2022.11.23"]
[WhiteClock "0:00:05"]
[BlackClock "0:00:28"]

1. e4 c6 2. d4 d5 3. exd5 cxd5 4. c4 Nf6 5. Nc3 g6 6. Qb3 Bg7 7. cxd5 O-O 8. Be2 Na6 9. Bf3 Qb6 10. Qxb6 axb6 11. Nge2 Nb4 12. O-O Rd8 13. d6 Rxd6 14. Bf4 Rd7 15. a3 Nbd5 16. Bd2 h6 17. Nb5 g5 18. h3 Rd8 19. Rac1 Bf5 20. Nc7 Nxc7 21. Rxc7 Be4 22. Bxe4 Nxe4 23. Be3 e6 24. Rfc1 Nd6 25. f4 Bf6 26. fxg5 hxg5 27. Ng3 Nb5 28. Rxb7 Nxd4 29. Kf2 Nb3 30. Rcc7 Rf8 31. Nh5 Be5 32. Rd7 Na5 33. Rxb6 Nc4 34. Rbb7 Nxe3 35. Kxe3 Ra4 36. g4 Rc4 37. b4 Rc3+ 38. Ke4 Bh8 39. h4 Rfc8 40. hxg5 R8c4+ 41. Rd4 Rxd4# 0-1


[Site "https://www.chess.com"]

[Event "Titled Tuesday Blitz November 22 Early 2022"]
[White "Fernandez Siles, Luis"]
[Black "Streltsov, Alexey"]
[WhiteFideId "2209420"]
[BlackFideId "24104434"]
[WhiteElo "2186"]
[BlackElo "2552"]
[Result "1-0"]
[Round "02"]
[TimeControl "180+1"]
[Date "2022.11.23"]
[WhiteClock "0:01:44"]
[BlackClock "0:00:53"]

1. d4 d5 2. c4 e6 3. Nc3 c6 4. e4 dxe4 5. Nxe4 Bb4+ 6. Bd2 Qxd4 7. Bxb4 Qxe4+ 8. Be2 Na6 9. Bd6 Qxg2 10. Qd2 Bd7 11. Bf3 Qg6 12. Ne2 f6 13. Rg1 Qf7 14. c5 Ne7 15. O-O-O Nd5 16. Nc3 O-O-O 17. Ne4 Nac7 18. Qa5 Kb8 19. Rxd5 exd5 20. Bxc7+ Kc8 21. Nd6# 1-0


[Site "https://www.chess.com"]

[Event "Titled Tuesday Blitz November 22 Early 2022"]
[White "Fiol, Fabrice"]
[Black "Garmash, Aliona"]
[WhiteFideId "611670"]
[BlackFideId "34127620"]
[WhiteElo "2446"]
[BlackElo "1958"]
[Result "1-0"]
[Round "02"]
[TimeControl "180+1"]
[Date "2022.11.23"]
[WhiteClock "0:00:06"]
[BlackClock "0:00:01"]

1. e4 c5 2. Nf3 d6 3. Bb5+ Nd7 4. c3 Nf6 5. d3 a6 6. Ba4 b5 7. Bc2 Bb7 8. Nbd2 e6 9. O-O Be7 10. Re1 O-O 11. h3 Qc7 12. a4 Rfd8 13. Nf1 Rac8 14. Ng3 Nb6 15. a5 Nbd7 16. Qe2 Nb8 17. d4 cxd4 18. Nxd4 Nc6 19. Nxc6 Qxc6 20. Be3 Nd7 21. Nh5 g6 22. Nf4 Bf6 23. Rad1 Nc5 24. Qg4 Bg7 25. f3 Qc7 26. b4 Nd7 27. Bb3 Ne5 28. Qh4 Re8 29. Bd4 Rcd8 30. Qg3 Bc8 31. h4 h5 32. Nh3 Nc4 33. Ng5 Ne5 34. Kh1 Qe7 35. Rd2 Nc6 36. Bxg7 Kxg7 37. Red1 Ne5 38. Qf2 Qc7 39. Nh3 Qxc3 40. Ba2 Qxb4 41. Qg3 Qxa5 42. Rxd6 Rxd6 43. Qxe5+ Kg8 44. Rxd6 Qxa2 45. Ng5 1-0


[Site "https://www.chess.com"]

[Event "Titled Tuesday Blitz November 22 Early 2022"]
[White "Firouzja, Alireza"]
[Black "Weetik, Vjacheslav"]
[WhiteFideId "12573981"]
[BlackFideId "4153472"]
[WhiteElo "2903"]
[BlackElo "2469"]
[Result "1-0"]
[Round "02"]
[TimeControl "180+1"]
[Date "2022.11.22"]
[WhiteClock "0:01:53"]
[BlackClock "0:00:03"]

1. d4 d5 2. Bg5 h6 3. Bh4 c6 4. e3 Qb6 5. b3 Bf5 6. Nf3 Nd7 7. Be2 Ngf6 8. O-O Ne4 9. c4 g5 10. Bg3 h5 11. h4 g4 12. Ng5 Nxg5 13. hxg5 e6 14. cxd5 exd5 15. Bd3 Be6 16. g6 Qd8 17. gxf7+ Bxf7 18. Nc3 Bb4 19. Rc1 h4 20. Bf4 Bh5 21. Bf5 g3 22. Qd3 O-O 23. fxg3 hxg3 24. Bxg3 Qg5 25. Be6+ Kh8 26. Bf4 Qg7 27. Nxd5 cxd5 28. Bxd7 Rxf4 29. Rxf4 Qxd7 30. Rh4 1-0


[Site "https://www.chess.com"]

[Event "Titled Tuesday Blitz November 22 Early 2022"]
[White "Foerster-Yialamas, Lucas"]
[Black "Aydin, Gulenay"]
[WhiteFideId "30901774"]
[BlackFideId "34557431"]
[WhiteElo "2067"]
[BlackElo "2009"]
[Result "1-0"]
[Round "02"]
[TimeControl "180+1"]
[Date "2022.11.23"]
[WhiteClock "0:00:17"]
[BlackClock "0:00:08"]

1. e4 c6 2. d4 d5 3. Nc3 dxe4 4. Nxe4 Bf5 5. Ng3 Bg6 6. h4 h6 7. Nf3 Nd7 8. Bd3 Bxd3 9. Qxd3 e6 10. c3 Ngf6 11. Bf4 Be7 12. Ne5 Nd5 13. Qf3 Nxf4 14. Qxf4 Nxe5 15. Qxe5 Bxh4 16. Qxg7 Bf6 17. Qg4 Qb6 18. O-O-O O-O-O 19. Ne4 Be7 20. Qg7 Qc7 21. Qxf7 Qd7 22. Kb1 Rdf8 23. Qg7 Qd5 24. Rhe1 Bd8 25. Nc5 Bc7 26. Nxe6 Qf5+ 27. Ka1 Qf7 28. Nxf8 Qxg7 29. Re8+ Bd8 30. Rxd8+ Kxd8 31. Ne6+ Kd7 32. Nxg7 Rf8 33. f3 Rg8 34. Nf5 Rxg2 35. Nxh6 Rf2 36. Ng4 Rxf3 37. Ne5+ 1-0


[Site "https://www.chess.com"]

[Event "Titled Tuesday Blitz November 22 Early 2022"]
[White "Gabrielian, Artur"]
[Black "Heinemann, Josefine"]
[WhiteFideId "4131002"]
[BlackFideId "12900460"]
[WhiteElo "2432"]
[BlackElo "2300"]
[Result "1-0"]
[Round "02"]
[TimeControl "180+1"]
[Date "2022.11.23"]
[WhiteClock "0:00:31"]
[BlackClock "0:00:19"]

1. e4 e5 2. Nc3 Nf6 3. g3 d5 4. exd5 Nxd5 5. Bg2 Nxc3 6. bxc3 Nc6 7. Nf3 Bc5 8. O-O O-O 9. Re1 h6 10. d3 Re8 11. Rb1 Bb6 12. Be3 Bf5 13. Nd2 Bxe3 14. Rxe3 Rb8 15. Nc4 f6 16. Qh5 Be6 17. Be4 Ne7 18. g4 c6 19. Rf1 Qd7 20. Rg3 Bf7 21. Qh3 Bg6 22. Ne3 Bxe4 23. dxe4 Ng6 24. Ng2 Rbd8 25. Qh5 Qf7 26. Rd3 Rxd3 27. cxd3 Rd8 28. Rd1 Nf8 29. Qxf7+ Kxf7 30. f3 c5 31. Kf2 b6 32. Ne3 Ne6 33. Nd5 Rd7 34. a4 Nc7 35. c4 Nxd5 36. cxd5 Ke7 37. Rb1 Kd6 38. Ke3 Rb7 39. h4 a6 40. g5 hxg5 41. hxg5 b5 42. gxf6 gxf6 43. axb5 axb5 44. Ra1 b4 45. Ra6+ Ke7 46. Kd2 b3 47. Kc1 b2+ 48. Kb1 Rb3 49. Ra7+ Kd6 50. Rf7 Rxd3 51. Rxf6+ Kd7 52. Kxb2 c4 53. Kc2 Re3 54. Kd2 Rd3+ 55. Ke2 Ra3 56. Rc6 Rc3 57. Kf2 Rc1 58. Kg3 c3 59. Kg4 c2 60. Kf5 Ke7 61. Kxe5 Kd7 62. f4 Ke7 63. f5 Kd7 64. f6 Ke8 65. Rc7 Kd8 66. d6 Ke8 67. f7+ Kf8 68. Ke6 Rf1 69. Rc8+ Kg7 70. f8=Q+ Rxf8 71. Rxc2 1-0


[Site "https://www.chess.com"]

[Event "Titled Tuesday Blitz November 22 Early 2022"]
[White "Garv Gaur"]
[Black "Shapiro, Daniel"]
[WhiteFideId "45030839"]
[BlackFideId "2001780"]
[WhiteElo "1960"]
[BlackElo "2329"]
[Result "0-1"]
[Round "02"]
[TimeControl "180+1"]
[Date "2022.11.23"]
[WhiteClock "0:00:09"]
[BlackClock "0:00:05"]

1. d4 Nf6 2. c4 e6 3. Nf3 d5 4. g3 Bb4+ 5. Bd2 Be7 6. Bg2 c6 7. O-O O-O 8. Qc2 b6 9. Rd1 Ba6 10. Ne5 Nfd7 11. b3 Nxe5 12. dxe5 Nd7 13. Bc3 Qc7 14. cxd5 cxd5 15. Qb2 Rac8 16. e4 dxe4 17. Bxe4 Nc5 18. Bc2 Bb7 19. Nd2 Qc6 20. f3 Rfd8 21. Bd4 Na4 22. bxa4 Rxd4 23. Be4 Qd7 24. Bxb7 Qxb7 25. Qxd4 Bc5 26. Qxc5 bxc5 27. Ne4 Qb2 28. Rac1 h6 29. Nd6 Rc6 30. Rb1 Qxe5 31. Rb8+ Kh7 32. Rh8+ Kg6 33. Ne4 c4 34. g4 f5 35. Nf2 c3 36. h4 c2 37. Rc1 Qe3 38. h5+ Kg5 39. Kg2 fxg4 40. fxg4 Qxc1 41. Rf8 e5 42. Kg3 Qe3+ 43. Rf3 Qxf3+ 44. Kxf3 c1=Q 45. Ne4+ Kh4 46. Nf2 Qf4+ 47. Kg2 Rc2 48. Kh1 Qxf2 49. g5 Qg2# 0-1


[Site "https://www.chess.com"]

[Event "Titled Tuesday Blitz November 22 Early 2022"]
[White "Gedgafov, Chamal"]
[Black "Gines Esteo, Pedro Antonio"]
[WhiteFideId "34130621"]
[BlackFideId "32080190"]
[WhiteElo "2067"]
[BlackElo "2422"]
[Result "0-1"]
[Round "02"]
[TimeControl "180+1"]
[Date "2022.11.23"]
[WhiteClock "0:01:09"]
[BlackClock "0:00:30"]

1. c4 e5 2. g3 Nf6 3. Bg2 Nc6 4. Nc3 Bb4 5. Nf3 Bxc3 6. bxc3 O-O 7. O-O d6 8. d3 h6 9. Rb1 Re8 10. Be3 Ng4 11. Bc1 Rb8 12. Nd2 Na5 13. d4 b6 14. e4 Nf6 15. h3 Ba6 16. Qa4 Qd7 17. Qb4 c5 18. Qa3 Qe6 19. d5 Qd7 20. Kh2 Bxc4 21. Nxc4 Nxc4 22. Qb3 b5 23. Qd1 a5 24. h4 b4 25. Bh3 Qe7 26. cxb4 axb4 27. g4 Nxe4 28. g5 hxg5 29. hxg5 Nxg5 30. Rg1 Nxh3 31. Qg4 Nxg1 32. Bg5 f6 33. Bh4 f5 34. Qh5 Qxh4+ 35. Qxh4 Nf3+ 36. Kg3 Nxh4 37. Kxh4 Nb6 38. Kg5 Nxd5 39. Kg6 Nc3 40. Rh1 Re6+ 41. Kg5 Ne4+ 42. Kh5 Rh6# 0-1


[Site "https://www.chess.com"]

[Event "Titled Tuesday Blitz November 22 Early 2022"]
[White "Gheorghiu, Calin"]
[Black "Goltsev, Dmitry"]
[WhiteFideId "1200305"]
[BlackFideId "24176710"]
[WhiteElo "2225"]
[BlackElo "2289"]
[Result "0-1"]
[Round "02"]
[TimeControl "180+1"]
[Date "2022.11.23"]
[WhiteClock "0:00:15"]
[BlackClock "0:02:00"]

1. e4 e6 2. d4 d5 3. Nc3 c5 4. exd5 exd5 5. Nf3 Nf6 6. Bb5+ Nc6 7. O-O Be7 8. dxc5 Bxc5 9. Re1+ Be6 10. Be3 Bxe3 11. Rxe3 O-O 12. Nd4 Qb6 13. Nce2 Bg4 14. c3 Nxd4 15. Qxd4 Qxb5 16. Ng3 Qxb2 17. Rae1 Be6 18. Qf4 Rac8 19. Qd4 Rc4 20. Qd3 Rfc8 21. Ne2 Re4 22. Rg3 Re8 23. Qb5 Qxb5 0-1


[Site "https://www.chess.com"]

[Event "Titled Tuesday Blitz November 22 Early 2022"]
[White "Ghosh, Chanchal Kumer"]
[Black "Papasimakopoulos, Alexandros"]
[WhiteFideId "10201858"]
[BlackFideId "4244125"]
[WhiteElo "2058"]
[BlackElo "2365"]
[Result "0-1"]
[Round "02"]
[TimeControl "180+1"]
[Date "2022.11.23"]
[WhiteClock "0:00:12"]
[BlackClock "0:00:42"]

1. e4 e6 2. Nf3 d5 3. Nc3 Bb4 4. Bd3 Nf6 5. e5 Nfd7 6. O-O h6 7. a3 Be7 8. Re1 c5 9. b3 Nc6 10. Bf1 a6 11. d4 cxd4 12. Nxd4 Ncxe5 13. Nxe6 fxe6 14. Bd3 O-O 15. Qh5 Nxd3 16. cxd3 Bc5 17. Bxh6 Qf6 18. Be3 Bxe3 19. fxe3 Qxc3 20. d4 Nf6 21. Qg6 Bd7 22. Rac1 Qa5 23. Rf1 Be8 24. Qg5 Rf7 25. Rf4 Ne4 26. Qg4 Rxf4 27. Qxf4 Qd2 28. Rf1 Bg6 29. h4 Nf6 30. Qg5 Be4 31. Rxf6 Qxg2+ 32. Qxg2 Bxg2 33. Rxe6 Be4 34. Re7 b5 35. Re6 Bc2 36. b4 Bb3 37. e4 dxe4 38. Rxe4 a5 39. Re5 axb4 40. axb4 Bc4 41. Rc5 Rd8 42. h5 Rxd4 43. h6 gxh6 44. Kf2 Kf7 45. Ke3 Rg4 46. Kf3 Rg1 47. Ke4 Rb1 48. Kf5 Rxb4 49. Rc6 Bd3+ 50. Ke5 Re4+ 51. Kd5 Rh4 0-1


[Site "https://www.chess.com"]

[Event "Titled Tuesday Blitz November 22 Early 2022"]
[White "Gjestemoen-VonHirsch, Andre"]
[Black "Rosh Jain"]
[WhiteFideId "1539531"]
[BlackFideId "25789465"]
[WhiteElo "2198"]
[BlackElo "2233"]
[Result "1-0"]
[Round "02"]
[TimeControl "180+1"]
[Date "2022.11.23"]
[WhiteClock "0:00:05"]
[BlackClock "0:00:01"]

1. b3 d5 2. Bb2 e6 3. e3 Nf6 4. Nf3 Be7 5. c4 c5 6. cxd5 exd5 7. d4 Nc6 8. Be2 Bf5 9. O-O O-O 10. Nbd2 cxd4 11. Nxd4 Nxd4 12. Bxd4 Rc8 13. Rc1 Ba3 14. Rxc8 Bxc8 15. Qa1 Bf5 16. Nf3 Ne8 17. Rd1 f6 18. Bxa7 b6 19. Rxd5 Qc7 20. Rxf5 Qxa7 21. Bc4+ Kh8 22. Qd4 Nd6 23. Rd5 Nxc4 24. Qxc4 Qb7 25. g3 h6 26. Nh4 Rc8 27. Qe4 Rc1+ 28. Kg2 Qa8 29. Ng6+ Kg8 30. Qf3 Rc5 31. Rxc5 Qxf3+ 32. Kxf3 Bxc5 33. Nf4 Kf7 34. Nd3 Ba3 35. Ke4 Be7 36. b4 1-0


[Site "https://www.chess.com"]

[Event "Titled Tuesday Blitz November 22 Early 2022"]
[White "Goldin, Alexander"]
[Black "Corrales Jimenez, Fidel"]
[WhiteFideId "2019540"]
[BlackFideId "3506690"]
[WhiteElo "2618"]
[BlackElo "2541"]
[Result "1-0"]
[Round "02"]
[TimeControl "180+1"]
[Date "2022.11.22"]
[WhiteClock "0:00:45"]
[BlackClock "0:00:04"]

1. d4 Nf6 2. Nf3 g6 3. g3 Bg7 4. Bg2 O-O 5. O-O d5 6. Be3 b6 7. Qc1 Bb7 8. Bh6 Nbd7 9. Rd1 Rc8 10. Bxg7 Kxg7 11. Qf4 c5 12. c3 cxd4 13. cxd4 Ba6 14. Nc3 Qc7 15. Rac1 Qxf4 16. gxf4 Ne4 17. Nxd5 Bxe2 18. Rxc8 Rxc8 19. Re1 Rc2 20. Nxe7 Nxf2 21. Kxf2 Bc4+ 22. Kg3 Rxb2 23. Ne5 Bxa2 24. Rc1 Nf6 25. Bf3 a5 26. Rc7 a4 27. d5 a3 28. Ra7 Rb3 29. Nf5+ gxf5 30. Rxf7+ Kg8 31. Rxf6 Rb5 32. d6 Ra5 33. d7 Ra8 34. Rc6 Be6 35. Rxe6 Kf8 36. Bh5 1-0


[Site "https://www.chess.com"]

[Event "Titled Tuesday Blitz November 22 Early 2022"]
[White "Goltseva, Ekaterina"]
[Black "Kulkarni, Vikramaditya"]
[WhiteFideId "24173770"]
[BlackFideId "5009847"]
[WhiteElo "2200"]
[BlackElo "2273"]
[Result "0-1"]
[Round "02"]
[TimeControl "180+1"]
[Date "2022.11.23"]
[WhiteClock "0:00:18"]
[BlackClock "0:01:51"]

1. Nf3 d6 2. c4 e5 3. Nc3 g6 4. d4 Bg7 5. dxe5 dxe5 6. Qxd8+ Kxd8 7. Bg5+ f6 8. O-O-O+ Ke8 9. Nb5 Na6 10. Be3 Be6 11. b3 Bf8 12. h4 Nh6 13. h5 g5 14. Bd2 Ng4 15. Be1 Rd8 16. g3 c6 17. Nc3 Ba3+ 18. Kc2 Nb4+ 19. Kb1 Rxd1+ 20. Nxd1 Bf5+ 21. Ka1 Nc2+ 22. Kb1 Nxe1+ 23. Ka1 Nc2+ 24. Kb1 Nce3+ 0-1


[Site "https://www.chess.com"]

[Event "Titled Tuesday Blitz November 22 Early 2022"]
[White "Golubev, Mikhail"]
[Black "Talibov, Shiroghlan"]
[WhiteFideId "14100983"]
[BlackFideId "13429078"]
[WhiteElo "2374"]
[BlackElo "2261"]
[Result "1-0"]
[Round "02"]
[TimeControl "180+1"]
[Date "2022.11.23"]
[WhiteClock "0:01:12"]
[BlackClock "0:01:21"]

1. e4 Nf6 2. Nc3 d6 3. d4 Nbd7 4. Nf3 e5 5. Bc4 Be7 6. a4 a5 7. Bxf7+ Kxf7 8. Ng5+ Kg8 9. Ne6 Qe8 10. Nxc7 Qd8 11. Nxa8 b6 12. dxe5 Nxe5 13. Nd5 Nxd5 14. Qxd5+ Kf8 15. Be3 Nd7 16. O-O-O Ba6 17. Nxb6 Nxb6 18. Qxa5 1-0


[Site "https://www.chess.com"]

[Event "Titled Tuesday Blitz November 22 Early 2022"]
[White "Goncalves, Davi Sulzbacher"]
[Black "Koridze, Lile"]
[WhiteFideId "2154510"]
[BlackFideId "13612514"]
[WhiteElo "2182"]
[BlackElo "2050"]
[Result "1-0"]
[Round "02"]
[TimeControl "180+1"]
[Date "2022.11.23"]
[WhiteClock "0:00:45"]
[BlackClock "0:00:48"]

1. Nf3 Nf6 2. g3 d5 3. Bg2 c5 4. O-O Nc6 5. d4 cxd4 6. Nxd4 e5 7. Nxc6 bxc6 8. c4 Be6 9. Qa4 Qd7 10. Nc3 Rc8 11. cxd5 cxd5 12. Qxd7+ Kxd7 13. Rd1 d4 14. e3 Bg4 15. f3 Be6 16. exd4 exd4 17. Be3 Ke8 18. Bxd4 Rb8 19. Bxa7 Rxb2 20. Rab1 Rxb1 21. Rxb1 Bd6 22. Nb5 Ke7 23. Nxd6 Kxd6 24. Bb8+ Kc5 25. a4 Nd7 26. Ba7+ Kc4 27. f4 Kc3 28. a5 Kc2 29. Rb7 Rc8 30. a6 Kd2 31. Bd4 Rc1+ 32. Kf2 Rc2 33. Rb2 Rxb2 34. Bxb2 Nb6 35. Bd4 Nc8 1-0


[Site "https://www.chess.com"]

[Event "Titled Tuesday Blitz November 22 Early 2022"]
[White "Gonzalez, Francisco Silva"]
[Black "Cramling Bellon, Anna"]
[WhiteFideId "1512285"]
[BlackFideId "32009232"]
[WhiteElo "2159"]
[BlackElo "1972"]
[Result "1-0"]
[Round "02"]
[TimeControl "180+1"]
[Date "2022.11.23"]
[WhiteClock "0:00:27"]
[BlackClock "0:00:02"]

1. d4 Nf6 2. c4 e6 3. Nc3 d5 4. Bg5 Be7 5. e3 c6 6. Nf3 O-O 7. a3 a5 8. Qc2 h6 9. Bh4 Nbd7 10. Rd1 Re8 11. Bd3 dxc4 12. Bxc4 b5 13. Ba2 b4 14. Na4 Ba6 15. Bb1 Rb8 16. Ne5 b3 17. Qc1 Nxe5 18. Bxf6 Nf3+ 19. gxf3 Bxf6 20. Nc5 Qb6 21. f4 Rbd8 22. Ne4 Be7 23. Rg1 f5 24. Nc5 Bxc5 25. Qxc5 Qxc5 26. dxc5 Rxd1+ 27. Kxd1 Rd8+ 28. Ke1 Rd5 29. h4 Rxc5 30. Kd2 Kf7 31. h5 a4 32. f3 Rd5+ 33. Kc3 c5 34. e4 Rd4 35. Re1 Rc4+ 36. Kd2 Rd4+ 37. Ke3 fxe4 38. fxe4 e5 39. Rg1 exf4+ 40. Kxf4 Rd2 41. e5 Rxb2 42. Bg6+ Ke7 43. Be4 Rf2+ 44. Ke3 Re2+ 45. Kf4 b2 46. Rxg7+ Kf8 47. Rg1 c4 48. Bd5 c3 49. Kf5 c2 50. Rg8+ Ke7 51. Rg7+ Kd8 52. Ke6 Bc8+ 53. Kd6 Ke8 54. Rg8# 1-0


[Site "https://www.chess.com"]

[Event "Titled Tuesday Blitz November 22 Early 2022"]
[White "Gonzalez Vega, Alejandro"]
[Black "Sreyas Payyappat"]
[WhiteFideId "3510042"]
[BlackFideId "46674969"]
[WhiteElo "2288"]
[BlackElo "2083"]
[Result "0-1"]
[Round "02"]
[TimeControl "180+1"]
[Date "2022.11.23"]
[WhiteClock "0:00:04"]
[BlackClock "0:00:59"]

1. e4 c5 2. d4 cxd4 3. c3 e5 4. Nf3 Nc6 5. cxd4 exd4 6. Nxd4 Nxd4 7. Qxd4 d6 8. Nc3 Nf6 9. Bf4 Be6 10. Rd1 Qa5 11. Bb5+ Nd7 12. O-O O-O-O 13. Rc1 Kb8 14. Bxd6+ Bxd6 15. Qxd6+ Ka8 16. Rfd1 Nf6 17. Qf4 Rxd1+ 18. Rxd1 a6 19. Bf1 Qb4 20. Qe3 Re8 21. f3 Qxb2 22. Rb1 Qa3 23. Qb6 Rb8 24. Qb4 Qxb4 25. Rxb4 Rc8 26. Na4 Rc1 27. Kf2 Rc2+ 28. Ke3 Rxa2 29. Nb6+ Ka7 30. Bc4 Bxc4 31. Nxc4 b5 32. Nd6 Kb6 33. Nxf7 a5 34. Rb1 b4 35. h4 Kb5 36. Nd6+ Kc5 37. Nf5 a4 38. g4 b3 39. Nxg7 b2 40. Ne6+ Kc4 41. Nd4 a3 42. Ne2 Ra1 0-1


[Site "https://www.chess.com"]